 Dungeon Crawl Stone Soup version 0.30-a0-359-gd0147acb1a (webtiles) character file.

Game seed: 822881838837756660

123 JoshKwa the Ducker (level 4, 0/34 HPs)
             Began as a Minotaur Wanderer on Nov 12, 2022.
             Was an Initiate of Hepliaklqana.
             Slain by a gnoll
             ... wielding a +0 spear
              (5 damage)
             ... on level 3 of the Dungeon.
             The game lasted 00:10:15 (1437 turns).

JoshKwa the Ducker (Minotaur Wanderer)              Turns: 1437, Time: 00:10:16

Health: 0/34       AC:  8    Str: 14    XL:     4   Next: 79%
Magic:  4/4        EV: 11    Int: 10    God:    Hepliaklqana [......]
Gold:   100        SH:  0    Dex: 13    Spells: 1/5 levels left

rFire   + . .      SeeInvis .    a - +2 mace
rCold   + . .      Faith    .    (no shield)
rNeg    . . .      Spirit   .    n - +0 scale mail
rPois   +          Reflect  .    (helmet restricted)
rElec   +          Harm     .    i - +1 cloak
rCorr   +          Rampage  .    (no gloves)
Will    .....                    (no boots)
Stlth   ..........               (no amulet)
HPRegen 0.25/turn                (no ring)
MPRegen 0.09/turn                (no ring)

@: mighty, resistant
A: horns 2, retaliatory headbutt
a: Renounce Religion


You were on level 3 of the Dungeon.
You worshipped Hepliaklqana.
Hepliaklqana was noncommittal.
You visited 1 branch of the dungeon, and saw 3 of its levels.

You collected 100 gold pieces.

Inventory:

Hand Weapons
 a - a +2 mace (weapon)
Armour
 i - a +1 cloak (worn)
 n - a +0 scale mail (worn)


   Skills:
 + Level 0.7 Fighting
 + Level 1.6 Maces & Flails
 + Level 1.0 Throwing
 + Level 1.7 Armour
 + Level 7.0 Dodging
 + Level 1.0 Stealth
 + Level 1.0 Spellcasting
 + Level 1.3 Air Magic


You had one spell level left.
You knew the following spells:

 Your Spells              Type           Power      Damage    Failure   Level
a - Poisonous Vapours     Pois/Air       2%         N/A       86%         2
b - Static Discharge      Conj/Air       2%         2-3/arc   86%         2

Your spell library contained the following spells:

 Spells                   Type           Power      Damage    Failure   Level
 Dazzling Flash           Conj/Hex       0%         N/A       99%         3
 Iskenderun's Mystic Bla  Conj/Tloc      0%         2d3       100%        4
 Starburst                Conj/Fire      0%         6d3       100%        6


Dungeon Overview and Level Annotations

Branches:
Dungeon (3/15)

Altars:
Fedhas
Hepliaklqana

Shops:
D:2 :


Innate Abilities, Weirdness & Mutations

You have a pair of horns on your head.
You reflexively headbutt those who attack you in melee.


Message History

* * * LOW HITPOINT WARNING * * *
The jackal bites you but does no damage.
Your Dodging skill increases to level 7!
You hear the slow rusting of a drain nearby.
The rat barely misses you.
You see here an adder corpse.
The gnoll closely misses you.
You closely miss the quokka. You headbutt the quokka.
You kill the quokka!
Your extra speed is starting to run out.
The jackal closely misses you. The gnoll barely misses you.
The rat closely misses you.
You barely miss the hobgoblin.
The hobgoblin is moderately wounded.
The adder hisses angrily.
The jackal bites you but does no damage.
Unknown command.
You sock the hobgoblin!
You kill the hobgoblin!
The jackal bites you but does no damage.
The gnoll hits you but does no damage. The rat bites you but does no damage.
The jackal barely misses you.
You hit the jackal. Your headbutt misses the jackal.
The jackal is almost dead.
The rat closely misses you. The jackal barely misses you.
The gnoll barely misses you.
You thump the jackal!
You kill the jackal!
You feel yourself slow down. The gnoll misses you.
The gnoll hits you from afar with a +0 spear.
* * * LOW HITPOINT WARNING * * *
The rat barely misses you. You furiously retaliate!
You headbutt the rat!
You kill the rat!
You aren't carrying any potions.
Unknown command.
As you read the scroll of enchant weapon, it crumbles to dust.
Your +1 mace glows red for a moment.
The gnoll hits you from afar with a +0 spear.
You die...

##.#.##.g####....
#....##.## #....
##...##..##.....
#...###........ ##..#
#..#..#.. ########..#
#..#....#
.......#h.###....####
.........g.......##
.......@.g.g).....#
.......S..†..........
...~~~~g.....#####....
...≈≈≈~...............
..~~_~~........#......
...~.~........##......
...~.~................
####.....<...........
#........[....#


You could see 4 gnolls, an adder and a jackal.

Vanquished Creatures
  2 gnolls (D:3)
  5 adders
  A dart slug (D:1)
  An orc (D:3)
  2 endoplasms (D:2)
  8 giant cockroaches
  5 goblins
  7 hobgoblins
  5 jackals
  A quokka (D:3)
  6 ball pythons
  2 bats
  A frilled lizard (D:3)
  2 kobolds (D:2)
  3 rats
51 creatures vanquished.

Notes
Turn   | Place    | Note
-------+----------+-------------------------------------------
     0 | D:1      | JoshKwa the Minotaur Wanderer began the quest for the Orb.
     0 | D:1      | JoshKwa set off with the following items: a +0 club, a
                  | scroll of butterflies, a potion of berserk rage, a +2
                  | leather armour; and the following spells available to
                  | memorise: Poisonous Vapours, Static Discharge.
     0 | D:1      | Reached XP level 1. HP: 14/14 MP: 1/1
   256 | D:1      | Reached XP level 2. HP: 14/20 MP: 2/2
   263 | D:1      | Learned a level 2 spell: Poisonous Vapours
   360 | D:1      | Reached skill level 6 in Dodging
   573 | D:2      | Reached XP level 3. HP: 16/26 MP: 3/3
   576 | D:2      | Learned a level 2 spell: Static Discharge
   645 | D:2      | Found Paschyt's Book Shop.
   820 | D:2      | Reached skill level 1 in Maces & Flails
  1087 | D:2      | Found a hazy altar of Hepliaklqana.
  1094 | D:2      | Became a worshipper of Hepliaklqana the Forgotten
  1186 | D:2      | Reached XP level 4. HP: 34/34 MP: 4/4
  1217 | D:2      | Reached skill level 1 in Armour
  1329 | D:3      | Found a blossoming altar of Fedhas.
  1428 | D:3      | Reached skill level 7 in Dodging
  1437 | D:3      | Slain by a gnoll

Illustrated notes

Levels and vault maps discovered:
D:1:      reono_arrival_forest_river, layout_basic,
          chequers_ecumenical_altar_simple_redux, minmay_worlds_worst_comb
D:2:      layout_basic, serial_shops, nicolae_square_shop, basic_altar,
          kennysheep_donut, fountainhead
D:3:      layout_rooms, fedhas_altar_2, cheibrodos_sewer_entry_sluice,
          minmay_bisected

Skill      XL: |  1  2  3  4 |
---------------+-------------+-----
Dodging        | 6 7 |  7.0
Maces & Flails | 1 |  1.6
Armour         | 1 |  1.7
Fighting       | |  0.7
Throwing       | |  1.0
Stealth        | |  1.0
Spellcasting   | |  1.0
Air Magic      | |  1.3

Action                   |  1- 3 |  4- 6 || total
-------------------------+-------+-------++-------
Melee: Club              |    88 |       ||    88
       Headbutt          |    14 |     4 ||    18
       Mace              |     6 |    34 ||    40
       Punch             |     1 |       ||     1
  Use: Scroll            |       |     7 ||     7
       Potion            |       |     6 ||     6
Armor: Leather armour    |    45 |     7 ||    52
       Scale mail        |       |    24 ||    24
Dodge: Dodged            |    97 |    68 ||   165

Table legend: (Time is in decaauts)
 A = Elapsed time spent in this place.
 B = Non-inter-level travel time spent in this place.
 C = Inter-level travel time spent in this place.
 D = Time resting spent in this place.
 E = Time spent auto-exploring this place.
 F = Levels seen in this place.
 G = Mean time per level.
                   A        B        C        D        E       F      G
               +--------+--------+--------+--------+--------+-----+--------+
         Total |   1467 |   1437 |     30 |      0 |      0 |   3 |  489.0 |
       Dungeon |   1467 |   1437 |     30 |      0 |      0 |   3 |  489.0 |
               +--------+--------+--------+--------+--------+-----+--------+

Top non-repeatable levels by time:
     D:2: 816 daAuts
     D:1: 544 daAuts
     D:3: 107 daAuts
